 Dungeon Crawl Stone Soup version 0.31.0-12-g77e489cdc1 (webtiles) character file.

Game seed: 8282713331196025233

282 Doomgape the Cutter (level 6, -1/40 HPs)
             Began as a Kobold Berserker on Feb 13, 2024.
             Was a Believer of Trog.
             Splashed by a jelly's acid (7 damage)
             ... on level 4 of the Dungeon.
             The game lasted 00:08:44 (3186 turns).

Doomgape the Cutter (Kobold Berserker)              Turns: 3186, Time: 00:08:45

Health: -1/40      AC: -9    Str: 16    XL:     6   Next: 53%
Magic:  6/6        EV: 14    Int:  9    God:    Trog [**....]
Gold:   198        SH:  0    Dex: 14    Spells: 5/5 levels left

rFire   . . .        h - +0 rapier
rCold   . . .        (no shield)
rNeg    . . .        b - +0 animal skin
rPois   .            (no helmet)
rElec   .            (no cloak)
rCorr   .            (no gloves)
SInv    .            (no boots)
Will    .....        (no amulet)
Stlth   ++           (no ring)
HPRegen 0.26/turn    (no ring)
MPRegen 0.10/turn

%: no passive effects
@: corroded
A: small, no large weapons, nightstalker 3
a: Renounce Religion, Berserk, Trog's Hand


You were on level 4 of the Dungeon.
You worshipped Trog.
Trog was pleased with you.
You visited 1 branch of the dungeon, and saw 4 of its levels.

You collected 198 gold pieces.

Inventory:

Hand Weapons
 h - a +0 rapier (weapon)
Missiles
 c - 2 throwing nets (quivered)
Armour
 b - a +0 animal skin (worn)
Jewellery
 g - a ring of willpower
Wands
 d - a wand of acid (3)
 k - a wand of roots (10)
Scrolls
 e - a scroll of revelation {unknown}
 j - a scroll of noise {unknown}
 m - 2 scrolls of fog
 n - a scroll of identify
Potions
 a - a potion of brilliance {unknown}
 f - a potion of haste {unknown}
 i - a potion of resistance {unknown}
 l - 2 potions of heal wounds {unknown}


   Skills:
 + Level 5.3 Fighting
 + Level 6.2 Short Blades
 - Level 3.0 Armour
 - Level 2.4 Dodging


You had 5 spell levels left.
You didn't know any spells.
Your spell library was empty.

Dungeon Overview and Level Annotations

Branches:
Dungeon (4/15)
 Temple: D:4-7

Altars:

Shops:
D:2 :


Innate Abilities, Weirdness & Mutations

You are small and have problems with some larger weapons.
You are completely attuned to the shadows.


Message History

You are no longer berserk.
You are exhausted.
You feel yourself slow down.
You see here a +0 spear.
You start resting.
You feel yourself speed up.
You start resting.
You recover from your berserk rage.
Things that are here:
a +0 club; a gnoll corpse
Things that are here:
a +0 spear; a gnoll corpse
There is an open door here.
You start resting.
HP restored.
You open the door.
There is an open door here.
A jelly comes into view.
The jelly quivers.
The jelly barely misses you.
You hit the jelly. The acid corrodes you!
Your hands burn!
The jelly is moderately wounded.
The jelly closely misses you.
You hit the jelly.
Your hands burn!
The jelly is heavily wounded.
The jelly hits you. The acid corrodes you!
You are splashed with acid!
You hit the jelly but do no damage.
Your hands burn!
The jelly is heavily wounded.
The jelly misses you.
You hit the jelly but do no damage. The acid corrodes you!
Your hands burn!
The jelly is heavily wounded.
The jelly hits you. The acid corrodes you!
You are splashed with acid.
* * * LOW HITPOINT WARNING * * *
You hit the jelly.
Your hands burn!
* * * LOW HITPOINT WARNING * * *
The jelly is heavily wounded.
The jelly hits you.
* * * LOW HITPOINT WARNING * * *
You are splashed with acid!
You die...

#.....#...#).....
#.....#...'))....
#.....#...#>.....
#.....#..##......
.....##..##########
..<..#...'........#
.....#...#........#
.....'...#.......J#
.....#...#......@.#
.....#...#........#
.....#...#........#
.....##############
######


You could see a jelly.

Vanquished Creatures
  A sky beast (D:3)
  A bombardier beetle (D:4)
  Ijyb (D:3)
  3 gnolls (D:4)
  4 adders
  A ribbon worm (D:2)
  2 dart slugs
  2 endoplasms (D:1)
  4 giant cockroaches
  11 goblins
  5 hobgoblins (D:1)
  6 kobolds
  5 quokkas
  8 ball pythons
  7 bats
  2 frilled lizards
  4 rats
67 creatures vanquished.

Notes
Turn   | Place    | Note
-------+----------+-------------------------------------------
     0 | D:1      | Doomgape the Kobold Berserker began the quest for the Orb.
     0 | D:1      | Reached XP level 1. HP: 14/14 MP: 1/1
    88 | D:1      | Reached XP level 2. HP: 13/19 MP: 2/2
   691 | D:1      | Reached XP level 3. HP: 24/24 MP: 3/3
   921 | D:2      | Reached ** piety under Trog
  1425 | D:2      | Reached XP level 4. HP: 29/29 MP: 4/4
  1515 | D:2      | Found Amateyk's Book Shoppe.
  1724 | D:3      | Reached skill level 5 in Short Blades
  1733 | D:3      | Noticed a sky beast
  1741 | D:3      | Killed a sky beast
  1742 | D:3      | Reached XP level 5. HP: 34/34 MP: 5/5
  1779 | D:3      | Noticed Ijyb
  1813 | D:3      | Killed Ijyb
  1814 | D:3      | Reached XP level 6. HP: 18/40 MP: 6/6
  2762 | D:3      | Reached skill level 5 in Fighting
  2971 | D:4      | Reached skill level 6 in Short Blades
  3186 | D:4      | Splashed by a jelly's acid

Illustrated notes

Levels and vault maps discovered:
D:1:      evilmike_arrival_hilbert_curve, layout_loops_cross,
          minmay_misc_feat_four_crosses
D:2:      layout_rooms, serial_shops, shop, minmay_surrounded
D:3:      kennysheep_the_goblin_king, layout_basic
D:4:      layout_gridville, mainiacjoe_overflow_catch_the_wave

Skill      XL: |  1  2  3  4  5  6 |
---------------+-------------------+-----
Armour         | 2 3 |  3.0
Fighting       | 4 5 |  5.3
Short Blades   | 5 6 |  6.2
Dodging        | |  2.4

Action                     |  1- 3 |  4- 6 || total
---------------------------+-------+-------++-------
  Melee: Short sword       |   105 |       ||   105
         Rapier            |     5 |   127 ||   132
         Punch             |     1 |     1 ||     2
 Invoke: Berserk           |     1 |     3 ||     4
    Use: Potion            |     1 |     1 ||     2
         Scroll            |       |     3 ||     3
   Stab: Sleeping          |    12 |     9 ||    21
 Armour: Animal skin       |    47 |    42 ||    89
  Dodge: Dodged            |    64 |    72 ||   136
